 Dungeon Crawl Stone Soup version 0.31.0-12-g77e489cdc1 (webtiles) character file.

Game seed: 10076015974685796475

755 Doomgape the Covered (level 7, -4/63 HPs)
             Began as a Minotaur Fighter on Mar 4, 2024.
             Slain by a gnoll
             ... wielding a +0 halberd
             ... led by a gnoll bouda
              (8 damage)
             ... on level 5 of the Dungeon on Mar 7, 2024.
             The game lasted 00:11:52 (3909 turns).

Doomgape the Covered (Minotaur Fighter)             Turns: 3909, Time: 00:11:52

Health: -4/63      AC: 11    Str: 25 (26) XL:     7   Next: 49%
Magic:  6/6        EV:  8    Int:  4 (5)  God:
Gold:   170        SH:  4    Dex:  7 (10) Spells: 6/6 levels left

rFire   + . .        l - +10 short sword of the Boar {freeze, rF+ rN++ Str+4}
rCold   . . .        c - +0 buckler
rNeg    + + .        h - +1 chain mail
rPois   .            (helmet restricted)
rElec   .            (no cloak)
rCorr   .            (no gloves)
SInv    .            (no boots)
Will    .....        (no amulet) Stlth
                     (no ring)
HPRegen 0.30/turn    (no ring)
MPRegen 0.10/turn

%: no passive effects
@: mighty, brilliant
A: horns 2, retaliatory headbutt
a: no special abilities


You were on level 5 of the Dungeon.
You visited 1 branch of the dungeon, and saw 5 of its levels.
You also visited: Sewer.

You collected 170 gold pieces.

Inventory:

Hand Weapons
 a - a +1 war axe
 l - the +10 short sword of the Boar (weapon) {freeze, rF+ rN++ Str+4}
   (You found it on level 4 of the Dungeon)

   Str+4:     It affects your strength (+4).
   rF+:       It protects you from fire.
   rN++:      It greatly protects you from negative energy.
Armour
 c - a +0 buckler (worn)
 h - a +1 chain mail (worn)
Wands
 f - a wand of flame (19)
 i - a wand of roots (9)
Scrolls
 j - 3 scrolls of identify
 k - a scroll of vulnerability
Potions
 b - a potion of lignification {unknown}
 d - a potion of might
 e - 4 potions of curing {unknown}
 g - a potion of degeneration
 m - a potion of brilliance
 n - a potion of cancellation {unknown}
 o - a potion of invisibility {unknown}
 q - 2 potions of mutation


   Skills:
 + Level 6.1 Fighting
 * Level 1.3 Short Blades
 - Level 5.3 Axes
 + Level 6.1 Armour
 + Level 6.1 Shields


You had 6 spell levels left.
You didn't know any spells.
Your spell library contained the following spells:

 Spells                   Type           Power      Damage    Failure   Level
 Tukima's Dance           Hex            0%         N/A       100%        3
 Dimensional Bullseye     Hex/Tloc       0%         N/A       100%        4
 Iskenderun's Mystic Bla  Conj/Tloc      0%         2d3       100%        4


Dungeon Overview and Level Annotations

Branches:
Dungeon (5/15)              Sewer (visited)
 Temple: D:4-7

Altars:


Innate Abilities, Weirdness & Mutations

You have a pair of horns on your head.
You reflexively headbutt those who attack you in melee.


Message History

The gnoll hits you with a +0 flail.
* * * LOW HITPOINT WARNING * * *
The gnoll hits you but does no damage. You block the gnoll's attack.
Unknown command.
The gnoll is no longer moving quickly.
The gnoll attacks as it pursues you! The gnoll hits you with a +0 flail.
* * * LOW HITPOINT WARNING * * *
It was a potion of brilliance.
You feel clever all of a sudden.
The gnoll is no longer moving quickly. x2; The gnoll hits you with a +0 flail.
* * * LOW HITPOINT WARNING * * *
The gnoll barely misses you. The gnoll hits you but does no damage.
The gnoll closely misses you.
It was a potion of degeneration.
There was something very wrong with that liquid.
You feel weakened.
You feel dopey.
You feel clumsy. You block the gnoll's attack. The gnoll barely misses you.
The gnoll hits you from afar with a +0 spear.
* * * LOW HITPOINT WARNING * * *
The gnoll closely misses you. You furiously retaliate!
You headbutt the gnoll!
You feel very mighty all of a sudden. The gnoll completely misses you.
The gnoll closely misses you. The gnoll barely misses you. x2
Unknown command.
You closely miss the gnoll. You headbutt the gnoll.
You kill the gnoll!
The gnoll barely misses you. The gnoll hits you but does no damage.
You block the gnoll's attack. x2
You barely miss the gnoll bouda.
The gnoll bouda is heavily wounded.
The gnoll bouda hits you with a +0 whip.
* * * LOW HITPOINT WARNING * * *
The gnoll hits you from afar with a +0 halberd.
* * * LOW HITPOINT WARNING * * *
The gnoll hits you but does no damage. The gnoll barely misses you. x2
You puncture the gnoll bouda! You freeze the gnoll bouda.
You kill the gnoll bouda!
The gnoll closely misses you.
The gnoll hits you from afar with a +0 halberd!
You die...

#...##.......## ..
#....†........## ..
##..<..#........##.# #...
#..........).....#.###....
#........†.................
#.....#....................!.
##........(..................
#............g..............
#....#.....@)..........$....
#...###....g.g..............
.. #......g..............
...........<............
........................
##.....................#
#......................#
#......................#
#....................##


You could see 4 gnolls.

Vanquished Creatures
  A phantom (D:4)
  A kobold brigand (Sewer)
  A scorpion (D:4)
  A howler monkey (D:5)
  A jelly (D:4)
  An orc priest (D:2)
  A gnoll bouda (D:5)
  2 sleepcaps
  4 iguanas
  Ijyb (D:4)
  An orc wizard (D:2)
  4 gnolls
  7 adders
  5 river rats (Sewer)
  4 dart slugs
  A ribbon worm (D:2)
  4 orcs
  9 ball pythons
  7 endoplasms
  7 giant cockroaches
  3 goblins
  5 hobgoblins
  17 kobolds
  5 quokkas
  4 bats
  A frilled lizard (Sewer)
  20 rats
118 creatures vanquished.

Notes
Turn   | Place    | Note
-------+----------+-------------------------------------------
     0 | D:1      | Doomgape the Minotaur Fighter began the quest for the Orb.
     0 | D:1      | Reached XP level 1. HP: 19/19 MP: 0/0
   292 | D:1      | Reached XP level 2. HP: 27/27 MP: 1/1
   966 | D:1      | Reached XP level 3. HP: 33/33 MP: 2/2
  1109 | D:2      | Reached XP level 4. HP: 13/41 MP: 3/3
  1619 | D:2      | Reached XP level 5. HP: 47/47 MP: 4/4
  2455 | D:3      | Found a glowing drain.
  2466 | Sewer    | Entered a sewer
  2524 | Sewer    | Reached skill level 5 in Fighting
  2524 | Sewer    | Reached skill level 5 in Armour
  2524 | Sewer    | Reached skill level 5 in Shields
  2640 | Sewer    | Reached XP level 6. HP: 53/56 MP: 5/5
  3237 | D:4      | Noticed Ijyb
  3247 | D:4      | Killed Ijyb
  3248 | D:4      | Reached skill level 5 in Axes
  3248 | D:4      | Reached XP level 7. HP: 30/62 MP: 6/6
  3399 | D:4      | Identified the +10 short sword of the Boar {freeze, rF+
                  | rN++ Str+4}
  3850 | D:5      | Entered Level 5 of the Dungeon
  3858 | D:5      | Reached skill level 1 in Short Blades
  3909 | D:5      | Slain by a gnoll

Illustrated notes

Levels and vault maps discovered:
D:1:      dpeg_arrival_arbitrary_a, layout_basic, palyth_stone_intersect,
          serial_park_tiny_2
D:2:      layout_basic
D:3:      layout_rooms, portal_sewer_entry_d, minivault_14, grunt_ministairs_1
D:4:      layout_cave_pools, corexii_hall_statues_u, hangedman_decor_points,
          serial_bayou_lagoon_b, uniq_ijyb
D:5:      layout_layer_cave, temple_fountains, st_stairs_6, grunt_ministairs_3,
          uniq_grinder

Skill      XL: |  1  2  3  4  5  6  7 |
---------------+----------------------+-----
Fighting       | 4 5 6 |  6.1
Armour         | 4 5 6 |  6.1
Shields        | 4 5 6 |  6.1
Axes           | 3 4 5 |  5.3
Short Blades   | 1 |  1.3

Action                     |  1- 3 |  4- 6 |  7- 9 || total
---------------------------+-------+-------+-------++-------
  Melee: War axe           |    66 |   171 |    14 ||   251
         Headbutt          |     6 |    23 |     5 ||    34
         Short sword       |       |       |    17 ||    17
    Use: Scroll            |       |     6 |       ||     6
         Potion            |       |       |     3 ||     3
 Armour: Scale mail        |    18 |       |       ||    18
         Chain mail        |    28 |   141 |    36 ||   205
  Dodge: Dodged            |    24 |    71 |    21 ||   116
  Block: Buckler           |    17 |    44 |    10 ||    71
